 Dungeon Crawl Stone Soup version 0.30-a0-457-g4b7bca3bfa (webtiles) character file.

Game seed: 12934445064612210969

716 gelatine the Gouger (level 7, 0/32 HPs)
             Began as a Felid Berserker on Dec 13, 2022.
             Was a Believer of Trog.
             Slain by a gnoll sergeant
             ... wielding a +0 spear
              (14 damage)
             ... on level 6 of the Dungeon.
             The game lasted 00:14:07 (4565 turns).

gelatine the Gouger (Felid Berserker)               Turns: 4565, Time: 00:14:08

Health: 0/32       AC:  2    Str: 15    XL:     7   Next: 41%
Magic:  8/8        EV: 20    Int:  9    God:    Trog [**....]
Gold:   315        SH:  0    Dex: 15    Spells: 6/6 levels left
                                        Lives:  0   Deaths: 2

rFire   . . .      SeeInvis +      - Unarmed
rCold   . . .      Faith    .    (shield unavailable)
rNeg    . . .      Spirit   .    (body armour unavailable)
rPois   .          Reflect  .    (helmet unavailable)
rElec   .          Harm     .    (cloak unavailable)
rCorr   .          Rampage  .    (gloves unavailable)
Will    +....                    (boots unavailable)
Stlth   +++.......               (no amulet)
HPRegen 0.25/turn                h - ring of flight
MPRegen 0.11/turn                (no ring)

@: flying, quick
A: very small, claws 1, fangs 3, see invisible, speed 1, shaggy fur 2, stealthy
paws, no weapons or thrown items, no armour, multi-lived
a: Renounce Religion, Berserk, Trog's Hand


You were on level 6 of the Dungeon.
You worshipped Trog.
Trog was pleased with you.
You visited 1 branch of the dungeon, and saw 6 of its levels.

You collected 351 gold pieces.
You spent 36 gold pieces at shops.

Inventory:

Jewellery
 h - a ring of flight (left paw)
Wands
 p - a wand of iceblast (19)
Scrolls
 a - a scroll of summoning
 c - a scroll of immolation {unknown}
 g - 3 scrolls of magic mapping
 k - 2 scrolls of fear {unknown}
 l - a scroll of brand weapon {unknown}
 o - a scroll of fog {unknown}
 r - a scroll of silence {unknown}
 t - 2 scrolls of teleportation {unknown}
Potions
 b - a potion of berserk rage
 d - 3 potions of lignification
 e - 3 potions of might
 f - 5 potions of curing
 i - 4 potions of flight
 j - a potion of mutation {unknown}
 m - a potion of heal wounds
 n - 2 potions of attraction
 q - a potion of degeneration {unknown}
 s - a potion of resistance {unknown}


   Skills:
 + Level 4.1 Fighting
 + Level 6.8 Dodging
 + Level 6.2 Stealth
 + Level 8.2 Unarmed Combat


You had 6 spell levels left.
You didn't know any spells.
Your spell library was empty.

Dungeon Overview and Level Annotations

Branches:
Dungeon (6/15)             Temple (0/1) D:6

Altars:
Fedhas
Hepliaklqana
Kikubaaqudgha
Makhleb
Okawaru
Ru
Trog
Uskayaw
The Shining One

Shops:
D:1 *

Annotations:
D:4 2 transporters, liarliar's ghost, amateur GrEE


Innate Abilities, Weirdness & Mutations

You have sharp claws.
You have razor-sharp teeth.
You have supernaturally acute eyesight. (SInv)
You cover ground quickly. (Speed+)
You are covered in thick fur. (AC +2)
Your paws help you pounce on unaware monsters.
You are incapable of wielding weapons or throwing items.
You cannot wear armour.
You gain extra lives every three experience levels.


Message History

You are exhausted.
You feel yourself slow down.
Your skin stops crawling.
You feel less strong-willed.
HP restored.
Found a stone staircase leading down.
You feel yourself speed up.
A gnoll comes into view. It is wielding a +0 whip.
A gnoll sergeant and a gnoll come into view.
The gnoll sergeant is wielding a +0 spear and wearing a +0 ring mail of fire resistance.
The gnoll shouts! x2; You hear a shout!
The gnoll sergeant shouts!
A gnoll comes into view. It is wielding a +0 club.
Found a staircase to the Ecumenical Temple.
The gnoll barely misses you.
You fail to use your ability.
The gnoll closely misses you.
You claw the gnoll!
The gnoll is severely wounded.
You recover from your berserk rage.
The gnoll barely misses you. The gnoll misses you.
You closely miss the gnoll. You bite the gnoll.
The gnoll is almost dead.
The gnoll barely misses you. The gnoll misses you.
The gnoll sergeant hits you from afar with a +0 spear!
You scratch the gnoll.
You kill the gnoll!
Trog accepts your kill. The gnoll barely misses you.
The gnoll sergeant barely misses you.
You see here a +0 whip.
You scratch the gnoll.
The gnoll is moderately wounded.
The gnoll hits you from afar with a +0 halberd!
The gnoll barely misses you. The gnoll sergeant barely misses you.
You claw the gnoll!
You kill the gnoll!
Trog accepts your kill. The gnoll closely misses you.
The gnoll sergeant barely misses you.
You barely miss the gnoll sergeant.
You bite the gnoll sergeant, but do no damage.
The gnoll completely misses you.
The gnoll sergeant hits you with a +0 spear!
You die...

.......... .....#. P#.
#P... ##.### #....>
....### #..###...P#..
#P....##.
#>.......###.##........
##...###.##P.P.........
#.#### .###...........
##.# ....#..)gg.....
...# ##. #...@.## ...##
#.# ###....###
....####.# #......#
.....##..## ##.#.......
..........####..####...#
......###....#.## #.##
......##..###...# .#
.......#.## #.##.# #
.###.##.## #.# #..


You could see a gnoll sergeant and a gnoll.

Vanquished Creatures
  Sigmund (D:5)
  An orc warrior (D:6)
  A black bear (D:6)
  4 ogres
  A phantom (D:5)
  A scorpion (D:6)
  3 hounds
  A gnoll bouda (D:6)
  2 orc priests
  3 iguanas (D:5)
  2 orc wizards
  2 adders
  9 gnolls
  An ufetubus (D:4)
  2 worms
  A dart slug (D:3)
  13 orcs
  9 ball pythons
  5 endoplasms
  4 giant cockroaches
  7 hobgoblins
  A quokka (D:3)
  6 bats
  3 frilled lizards
  4 goblins
  7 kobolds
  5 rats
99 creatures vanquished.

Vanquished Creatures (others)
  5 fungi (D:3)
5 creatures vanquished.

Grand Total: 104 creatures vanquished

Notes
Turn   | Place    | Note
-------+----------+-------------------------------------------
     0 | D:1      | gelatine the Felid Berserker began the quest for the Orb.
     0 | D:1      | Reached XP level 1. HP: 10/10 MP: 2/2
   211 | D:1      | Reached XP level 2. HP: 14/14 MP: 3/3
   426 | D:1      | Found Pydof's Assorted Antiques.
   706 | D:1      | Bought a lumpy ruby potion for 18 gold pieces
   706 | D:1      | Bought a bubbling purple potion for 18 gold pieces
   997 | D:2      | Reached XP level 3. HP: 17/17 MP: 4/4
  1001 | D:2      | Reached ** piety under Trog
  1210 | D:2      | Reached skill level 1 in Stealth
  1295 | D:3      | Found a blossoming altar of Fedhas.
  1302 | D:3      | Found a burning altar of Makhleb.
  1444 | D:3      | Found a glowing golden altar of the Shining One.
  1468 | D:3      | Found an iron altar of Okawaru.
  1476 | D:3      | Found a faded altar of an unknown god.
  1504 | D:3      | Reached skill level 4 in Unarmed Combat
  1504 | D:3      | Reached XP level 4. HP: 12/21 MP: 5/5
  1683 | D:3      | Noticed an ogre
  1694 | D:3      | Killed an ogre
  1695 | D:3      | Reached skill level 5 in Dodging
  1695 | D:3      | Reached XP level 5. HP: 25/25 MP: 6/6
  2367 | D:4      | Found a transporter.
  2372 | D:4      | Noticed liarliar's ghost (amateur GrEE)
  2490 | D:4      | Found a transporter.
  2523 | D:4      | Found a sacrificial altar of Ru.
  3053 | D:4      | Identified the +0 robe "Xugow" {Contam +Blink Will+++
                  | Stlth+}
  3230 | D:5      | Entered Level 5 of the Dungeon
  3238 | D:5      | Noticed an ogre
  3245 | D:5      | Killed an ogre
  3246 | D:5      | Reached skill level 5 in Unarmed Combat
  3246 | D:5      | Gained mutation: You are covered in thick fur. (AC +2)
                  | [Felid growth]
  3246 | D:5      | Reached XP level 6. HP: 28/28 MP: 7/7
  3530 | D:5      | Found an ancient bone altar of Kikubaaqudgha.
  3553 | D:5      | Noticed an ice beast
  3568 | D:5      | Mangled by an ice beast
  3569 | D:5      | Reached XP level 5. HP: -11/25 MP: 6/6
  3662 | D:5      | Noticed an ogre
  3663 | D:5      | Noticed a phantom
  3681 | D:5      | Killed a phantom
  3682 | D:5      | Reached XP level 6. HP: 28/28 MP: 7/7
  3684 | D:5      | Reached skill level 6 in Unarmed Combat
  3742 | D:5      | Reached skill level 5 in Stealth
  3766 | D:5      | Reached XP level 7. HP: 22/31 MP: 8/8
  3826 | D:5      | Noticed Sigmund
  3828 | D:5      | Killed Sigmund
  3829 | D:5      | Reached skill level 7 in Unarmed Combat
  3962 | D:5      | Found a bloodstained altar of Trog.
  3964 | D:5      | Found a hide-covered altar of Uskayaw.
  3972 | D:5      | Found a hazy altar of Hepliaklqana.
  4356 | D:6      | Slain by a gnoll bouda
  4357 | D:6      | Reached XP level 6. HP: -3/42 MP: 7/7
  4384 | D:6      | Reached XP level 7. HP: 32/32 MP: 8/8
  4508 | D:6      | Reached skill level 8 in Unarmed Combat
  4557 | D:6      | Found a staircase to the Ecumenical Temple.
  4565 | D:6      | Slain by a gnoll sergeant

Illustrated notes

Levels and vault maps discovered:
D:1:      amcnicky_arrival_abandoned_market, layout_rooms, serial_shops,
          nicolae_shop_hallway_stairs, chequers_serial_rivers_micro_a
D:2:      layout_basic
D:3:      layout_basic, nicolae_tso_carved_into_rock, amcnicky_altar_gilded,
          mainiacjoe_overflow_catch_the_wave,
          chequers_ecumenical_altar_simple_redux
D:4:      layout_loops_corners, nicolae_ru_awakened_eye,
          gammafunk_ghost_stat_death, serial_rivers,
          chequers_serial_rivers_room_a, chequers_serial_rivers_micro_e,
          chequers_serial_rivers_marsh, chequers_serial_rivers_large_b,
          chequers_serial_rivers_micro_e, chequers_serial_rivers_small_a
D:5:      layout_basic, mainiacjoe_overflow_24_doors, minitemple,
          minmay_misc_feat_nine_boxes, grunt_ministairs_2, uniq_sigmund
D:6:      layout_layer_cave, marbit_many_paths,
          minmay_temple_entry_gardened_gates

Skill      XL: |  1  2  3  4  5  6  7 |
---------------+----------------------+-----
Stealth        | 1 2 4 6 |  6.2
Unarmed Combat | 4 5 6 8 |  8.2
Dodging        | 5 6 |  6.8
Fighting       | 4 |  4.1

Action                   |  1- 3 |  4- 6 |  7- 9 || total
-------------------------+-------+-------+-------++-------
Melee: Unarmed           |    86 |   137 |    71 ||   294
       Bite              |     8 |    13 |    10 ||    31
       Punch             |     1 |     7 |     3 ||    11
Invok: Berserk           |     1 |     4 |     3 ||     8
       Trog's Hand       |     1 |     3 |     2 ||     6
  Use: Scroll            |     7 |     1 |     1 ||     9
       Potion            |       |       |     1 ||     1
 Stab: Sleeping          |     3 |     5 |     4 ||    12
Armor: Skin              |     2 |     8 |     2 ||    12
Dodge: Dodged            |    75 |   111 |    68 ||   254

Table legend: (Time is in decaauts)
 A = Elapsed time spent in this place.
 B = Non-inter-level travel time spent in this place.
 C = Inter-level travel time spent in this place.
 D = Time resting spent in this place.
 E = Time spent auto-exploring this place.
 F = Levels seen in this place.
 G = Mean time per level.
                   A        B        C        D        E       F      G
               +--------+--------+--------+--------+--------+-----+--------+
         Total |   3851 |   3625 |    226 |    183 |   2630 |   6 |  641.8 |
       Dungeon |   3851 |   3625 |    226 |    183 |   2630 |   6 |  641.8 |
               +--------+--------+--------+--------+--------+-----+--------+

Top non-repeatable levels by time:
     D:3: 828 daAuts
     D:5: 812 daAuts
     D:4: 761 daAuts
     D:1: 592 daAuts
     D:2: 478 daAuts
     D:6: 379 daAuts
